 Dungeon Sprint DCSS version 0.24-a0-581-gc0fa660 (webtiles) character file.

Game seed: 12420335689586364585

25475 Faca the Warrior (level 13, -2/126 (127) HPs)
             Began as a Formicid Fighter on Aug 22, 2019.
             Was the Champion of Makhleb.
             Slain by an emperor scorpion (11 damage)
             ... summoned by a greater mummy
             ... in the Dungeon (Sprint V: "Ziggurat Sprint") on Aug 23, 2019.
             The game lasted 00:13:24 (1685 turns).

Faca the Warrior (Formicid Fighter)                 Turns: 1685, Time: 00:13:25

HP:   -2/126 (127)  AC: 28    Str: 39      XL:     13   Next: 50%
MP:   11/11         EV:  9    Int:  9 (10) God:    Makhleb [******]
Gold: 0             SH: 27    Dex: 10      Spells: 12/12 levels left

rFire    . . .     SeeInvis +   p - +9 battleaxe (venom)
rCold    . . .     Gourm    .   n - +3 large shield
rNeg     . . .     Faith    .   m - +5 storm dragon scales
rPois    .         Spirit   .   (helmet unavailable)
rElec    +         Reflect  .   N - +1 cloak
rCorr    .         Harm     .   K - +2 pair of gloves {Str+3}
MR       +....                  (no boots)
Stlth    ..........             (no amulet)
HPRegen  0.31/turn              H - +6 ring of strength
MPRegen  0.12/turn              I - +6 ring of strength

@: studying Throwing
A: permanent stasis, dig shafts and tunnels, four strong arms, antennae 3, low
mp 1, screaming 1
a: Dig, Minor Destruction, Lesser Servant of Makhleb, Major Destruction, Greater
Servant of Makhleb, Renounce Religion


You were in the Dungeon.
You worshipped Makhleb.
Makhleb was exalted by your worship.
You were not hungry.

You visited 1 branch

Inventory:

Hand Weapons
 p - a +9 battleaxe of venom (weapon)
 M - the +8 frozen axe "Frostbite" {freezing cloud, *Noise +Fly rC+}
   (You took it off Dowan in the Dungeon)

   It has been specially enchanted to freeze those struck by it, causing extra
   injury to most foes and up to half again as much damage against particularly
   susceptible opponents.
   It can also slow down cold-blooded creatures.
   It protects you from cold.
   It lets you fly.
   It may make noises in combat.
 P - the +7 sceptre of Torment {pain, torment}
   (You found it in the Dungeon)

   In the hands of one skilled in necromantic magic, it inflicts extra damage on
   living creatures.
Armour
 l - +5 gold dragon scales
 m - +5 storm dragon scales (worn)
 n - a +3 large shield (worn)
 K - a +2 pair of gloves of strength (worn)
 N - a +1 cloak (worn)
Jewellery
 g - an uncursed ring of resist corrosion
 C - an uncursed ring of flight
 D - a +6 ring of dexterity
 E - a +6 ring of dexterity
 F - a +6 ring of intelligence
 G - a +6 ring of intelligence
 H - a +6 ring of strength (left hand)
 I - a +6 ring of strength (right hand)
 L - an uncursed ring of protection from fire
 Q - the ring "Nuff" {rPois MR+ Int+2 Dex+2}
   (You took it off a yaktaur in the Dungeon)

   [ring of dexterity]

   It affects your intelligence (+2).
   It affects your dexterity (+2).
   It protects you from poison.
   It affects your resistance to hostile enchantments.
Wands
 y - a wand of disintegration (7)
 z - a wand of iceblast (7)
 B - a wand of acid (7)
Scrolls
 a - 4 scrolls of amnesia
 b - 6 scrolls of fog
 k - 4 scrolls of blinking
 s - 4 scrolls of identify
 t - 5 scrolls of remove curse
 u - a scroll of fear
Potions
 d - 6 potions of might
 e - 8 potions of curing
 h - 6 potions of haste
 i - 7 potions of magic
 j - 3 potions of berserk rage
 o - 2 potions of heal wounds
 r - a potion of cancellation
 v - 2 potions of brilliance
 w - 2 potions of invisibility
 x - 3 potions of resistance
 A - 5 potions of agility
Books
 J - a manual of Throwing
Comestibles
 f - 8 rations
 q - 5 chunks of flesh


   Skills:
 + Level 19.7 Fighting
 + Level 19.2 Axes
 + Level 15.2 Armour
 + Level 16.4 Shields


You had 12 spell levels left.
You didn't know any spells.
Your spell library contained the following spells:

 Spells                   Type           Power        Failure   Level  Hunger
 Beastly Appendage        Tmut           #.....       69%         1    ##.....
 Flame Tongue             Conj/Fire      #....        69%         1    ##.....
 Freeze                   Ice            #...         69%         1    ##.....
 Infusion                 Chrm           #...         69%         1    ##.....
 Corpse Rot               Necr           N/A          83%         2    ###....
 Ensorcelled Hibernation  Hex/Ice        #.....       83%         2    ###....
 Passwall                 Tmut/Erth      #.......     83%         2    ###....
 Poisonous Vapours        Pois/Air       #.....       83%         2    ###....
 Shroud of Golubria       Chrm/Tloc      #.....       83%         2    ###....
 Song of Slaying          Chrm           #.......     83%         2    ###....
 Sticks to Snakes         Tmut           #.......     83%         2    ###....
 Swiftness                Chrm/Air       #.......     83%         2    ###....
 Throw Flame              Conj/Fire      #.....       83%         2    ###....
 Conjure Flame            Conj/Fire      #.......     96%         3    ####...
 Inner Flame              Hex/Fire       #.......     96%         3    ####...
 Mephitic Cloud           Conj/Pois/Air  #.......     96%         3    ####...
 Ozocubu's Armour         Chrm/Ice       #.......     96%         3    ####...
 Recall                   Summ/Tloc      N/A          96%         3    ####...
 Regeneration             Chrm/Necr      #.........   96%         3    ####...
 Spectral Weapon          Hex/Chrm       #.......     96%         3    ####...
 Static Discharge         Conj/Air       #.......     96%         3    ####...
 Stone Arrow              Conj/Erth      #.....       96%         3    ####...
 Animate Dead             Necr           N/A          100%        4    #####..
 Cause Fear               Hex            #.........   100%        4    #####..
 Leda's Liquefaction      Hex/Erth       #.........   100%        4    #####..
 Passage of Golubria      Tloc           N/A          100%        4    #####..
 Sticky Flame             Conj/Fire      #.......     100%        4    #####..
 Summon Ice Beast         Ice/Summ       #.......     100%        4    #####..
 Blade Hands              Tmut           #.........   100%        5    ######.
 Borgnjor's Vile Clutch   Necr/Erth      #.........   100%        5    ######.
 Fireball                 Conj/Fire      #.........   100%        5    ######.
 Lee's Rapid Deconstruct  Erth           #.........   100%        5    ######.
 Lightning Bolt           Conj/Air       #.........   100%        5    ######.
 Silence                  Hex/Air        #.........   100%        5    ######.
 Summon Forest            Summ/Tloc      #.........   100%        5    ######.
 Yara's Violent Unravell  Hex/Tmut       #.........   100%        5    ######.
 Bolt of Cold             Conj/Ice       #.........   100%        6    #######
 Bolt of Fire             Conj/Fire      #.........   100%        6    #######
 Conjure Ball Lightning   Conj/Air       #.........   100%        6    #######
 Darkness                 Hex            #.........   100%        6    #######
 Death Channel            Necr           #.........   100%        6    #######
 Deflect Missiles         Chrm/Air       #.........   100%        6    #######
 Freezing Cloud           Conj/Ice/Air   #.........   100%        6    #######
 Hydra Form               Tmut           #.........   100%        6    #######
 Invisibility             Hex            #.......     100%        6    #######
 Shadow Creatures         Summ           N/A          100%        6    #######
 Simulacrum               Ice/Necr       #.........   100%        6    #######
 Statue Form              Tmut/Erth      #........    100%        6    #######
 Dragon Form              Tmut           #.........   100%        7    #######
 Haunt                    Necr/Summ      #.........   100%        7    #######
 Ring of Flames           Chrm/Fire      #.........   100%        7    #######
 Summon Hydra             Summ           #.........   100%        7    #######
 Borgnjor's Revivificati  Necr           #.........   100%        8    #######
 Death's Door             Chrm/Necr      #.........   100%        8    #######
 Discord                  Hex            #.........   100%        8    #######
 Ignition                 Fire           #.........   100%        8    #######
 Infestation              Necr           #.........   100%        8    #######
 Necromutation            Tmut/Necr      #.........   100%        8    #######
 Dragon's Call            Summ           #.........   100%        9    #######
 Shatter                  Erth           #.........   100%        9    #######
 Tornado                  Air            #.........   100%        9    #######


Dungeon Overview and Level Annotations

Branches:
Dungeon (1/1)

Altars:
Ashenzari
Cheibriados
Dithmenos
Elyvilon
Fedhas
Gozag
Hepliaklqana
Kikubaaqudgha
Makhleb
Nemelex Xobeh
Okawaru
Qazlal
Ru
Sif Muna
Trog
Uskayaw
Vehumet
Wu Jian
Xom
Yredelemnul
Zin
The Shining One
Beogh
Jiyva
Lugonu


Innate Abilities, Weirdness & Mutations

You cannot be hasted, slowed, berserked, paralysed or teleported.
You can dig through walls and to a lower floor.
Your four strong arms can wield two-handed weapons with a shield.
You have a pair of large antennae on your head. (SInv)
Your magical capacity is low. (-10% MP)
You occasionally shout uncontrollably at your foes.


Message History

The guardian mummy is heavily damaged.
You slice the neqoxec!!
You kill the neqoxec!
You barely miss the emperor scorpion. You hit the emperor scorpion.
You slice the greater mummy!!
The ushabti shakes and rattles.
The vile air hits the emperor scorpion but does no damage.
The vile air hits you but does no damage.
The phantasmal warrior blinks!
You block the greater mummy's attack.
You cut the guardian mummy into ribbons!!!
You destroy the guardian mummy!
Makhleb accepts your kill.
You feel better.
You hit the greater mummy.
You feel extremely nervous for a moment...
Your flesh rots away!
You completely miss the emperor scorpion.
You closely miss the emperor scorpion. You block the sixfirhy's attack.
The sixfirhy hits you but does no damage.
The emperor scorpion stings you!
You die...

▓..)[[[). ▓..|..▓.
▓...........▓▓.))).▓.
▓...........▓▓.[...▓.
▓.....n.....▓▓.....▓.
▓...........▓▓..©..▓.
▓...n8§M....▓▓▓▓▓▓▓▓▓
▓..▓MM§Z.▓..▓..8©8...
▓.8M§34W....▓...)....
▓§Ws@sM§....▓........
▓▓▓▓▓▓▓▓▓▓▓▓▓....†...
▓....8©8....▓........
▓.."[=|).[..▓.▓†...▓.
▓.....[)}...▓...©....
{{
▓...........▓▓▓▓▓▓▓▓▓
{{
▓...........▓...8©8..
▓...........▓....))..
▓.....).....▓...[|=..


You could see 2 greater mummies, 2 emperor scorpions, 2 mummy priests, a
phantasmal warrior, a hellwing, an ushabti and a sixfirhy.

Vanquished Creatures
  2 frost giants (D)
  A stone giant (D)
  2 blizzard demons (D)
  3 naga warriors (D)
  7 vault guards (D)
  An ice dragon (D)
  A shining eye (D)
  A wolf spider (D)
  An orb spider (D)
  A black mamba (D)
  A guardian serpent (D)
  2 naga magi (D)
  A demonic crawler (D)
  4 rime drakes (D)
  4 yaktaurs (D)
  3 guardian mummies (D)
  3 ice devils (D)
  2 polar bears (D)
  6 merfolk (D)
  5 jumping spiders (D)
  A hornet (D)
  2 slime creatures (D)
  3 hippogriffs (D)
  Sigmund (D)
  2 tarantellas (D)
  A golden eye (D)
  6 wyverns (D)
  3 steam dragons (D)
  An acid dragon (D)
  Duvessa (D)
  A floating eye (D)
  A swamp drake (D)
  An ice beast (D)
  3 centaurs (D)
  Blork the orc (D)
  Dowan (D)
  5 scorpions (D)
  Crazy Yiuf (D)
  An orc priest (D)
  Jessica (D)
  4 mummies (D)
  An adder (D)
  A white imp (D)
  An ooze (D)
  An adder zombie (D)
  3 orcs (D)
  A bat skeleton (D)
  2 ball pythons (D)
  A ball python zombie (D)
103 creatures vanquished.

Vanquished Creatures (others)
  A rime drake (D)
  A steam dragon (D)
  A white imp (D)
  A ball python (D)
4 creatures vanquished.

Grand Total: 107 creatures vanquished

Notes
Turn   | Place    | Note
-------+----------+-------------------------------------------
     0 | D        | Faca the Formicid Fighter began the quest for the Orb.
     0 | D        | Reached XP level 1. HP: 18/18 MP: 1/1
    13 | D        | Found a blossoming altar of Fedhas.
    14 | D        | Found the +6 Majin-Bo {vamp, Archmagi MP+6 Int+6}
    14 | D        | Found the +7 great mace "Firestarter" {inner flame, rF++}
    25 | D        | Found a viscous altar of Jiyva.
    25 | D        | Found a hazy altar of Hepliaklqana.
    25 | D        | Found a transporter.
    25 | D        | Found an opulent altar of Gozag.
    25 | D        | Found an ancient bone altar of Kikubaaqudgha.
    25 | D        | Found a corrupted altar of Lugonu.
    33 | D        | Found a burning altar of Makhleb.
    34 | D        | Found a sacrificial altar of Ru.
    34 | D        | Found a stormy altar of Qazlal.
    34 | D        | Found a shimmering blue altar of Sif Muna.
    34 | D        | Found an iron altar of Okawaru.
    34 | D        | Found a bloodstained altar of Trog.
    34 | D        | Found a sparkling altar of Nemelex Xobeh.
    41 | D        | Reached XP level 2. HP: 24/24 MP: 2/2
    57 | D        | Became a worshipper of Makhleb the Destroyer
    61 | D        | Found the +6 shillelagh "Devastator" {shatter}
    61 | D        | Found the +11 plutonium sword {*Contam Stlth-}
    61 | D        | Found the +8 lance "Wyrmbane" {slay drac, rPois rF+ rC+
                  | AC+3}
    61 | D        | Found the +9 sword of Zonguldrok {reap}
    61 | D        | Found the cursed +13 scythe of Curses {drain, *Curse}
    61 | D        | Found the +0 sword of Power
    61 | D        | Found the +7 mace of Variability {chain chaos}
    61 | D        | Found the +7 Singing Sword {slice, sonic wave}
    61 | D        | Found the +8 storm bow {elec, penet}
    62 | D        | Found the +9 heavy crossbow "Sniper" {velocity, Acc+∞ SInv}
    62 | D        | Found the +10 dark maul {crush}
    62 | D        | Found the +15 Maxwell's patent armour {-Cast -Tele rElec
                  | MR+ rCorr}
    62 | D        | Found the +18 shield of the Gong {rElec rN+ MR+ EV-5}
    62 | D        | Found the cursed +14 obsidian axe {chop, +Fly SInv *Curse}
    66 | D        | Entered arena 2.
    66 | D        | Noticed a scorpion
    66 | D        | Noticed a scorpion
    66 | D        | Found a transporter.
    72 | D        | Killed a scorpion
    72 | D        | Reached skill level 5 in Fighting
    72 | D        | Reached XP level 3. HP: 33/33 MP: 3/3
    72 | D        | Reached XP level 4. HP: 39/39 MP: 4/4
    73 | D        | Reached XP level 5. HP: 47/47 MP: 5/5
    79 | D        | Entered arena 3.
    79 | D        | Found a transporter.
    83 | D        | Reached * piety under Makhleb
    94 | D        | Entered arena 4.
    94 | D        | Found a transporter.
    97 | D        | Reached ** piety under Makhleb
   313 | D        | Entered arena 5.
   313 | D        | Noticed a jumping spider
   313 | D        | Found a transporter.
   318 | D        | Reached *** piety under Makhleb
   318 | D        | Reached skill level 10 in Axes
   318 | D        | Reached XP level 6. HP: 57/57 MP: 6/6
   331 | D        | Killed a jumping spider
   331 | D        | Reached skill level 10 in Fighting
   331 | D        | Reached XP level 7. HP: 67/67 MP: 7/7
   336 | D        | Got the Tome of Mysticism
   339 | D        | Got the +0 great mace of Viuggaw {crush, Int+2}
   341 | D        | Entered arena 6.
   341 | D        | Noticed a merfolk
   341 | D        | Noticed a merfolk
   341 | D        | Noticed a merfolk
   341 | D        | Noticed a merfolk
   341 | D        | Noticed a merfolk
   341 | D        | Found a transporter.
   348 | D        | Killed a merfolk
   348 | D        | Reached **** piety under Makhleb
   348 | D        | Reached XP level 8. HP: 45/76 MP: 8/8
   358 | D        | Killed a merfolk
   363 | D        | Killed a merfolk
   366 | D        | Killed a merfolk
   374 | D        | Killed a merfolk
   374 | D        | Reached ***** piety under Makhleb
   374 | D        | Reached XP level 9. HP: 61/86 MP: 9/9
   488 | D        | Entered arena 7.
   488 | D        | Noticed Sigmund
   488 | D        | Noticed Jessica
   488 | D        | Noticed Blork the orc
   488 | D        | Noticed Crazy Yiuf
   488 | D        | Noticed Dowan
   488 | D        | Noticed Duvessa
   489 | D        | Found the +8 demon trident "Rift" {distort, reach+}
   489 | D        | Found a transporter.
   494 | D        | Killed Crazy Yiuf
   494 | D        | Killed Duvessa
   497 | D        | Killed Jessica
   498 | D        | Killed Blork the orc
   501 | D        | Killed Sigmund
   509 | D        | Killed Dowan
   623 | D        | Got Sif Muna's Reference Book on the Glacier
   628 | D        | Entered arena 8.
   628 | D        | Noticed a shining eye
   628 | D        | Noticed a slime creature
   628 | D        | Noticed a slime creature
   629 | D        | Found the +7 sceptre of Torment {pain, torment}
   657 | D        | Killed a slime creature
   659 | D        | Killed a slime creature
   659 | D        | Reached skill level 15 in Axes
   659 | D        | Reached skill level 5 in Shields
   659 | D        | Gained mutation: Your magical capacity is low. (-10% MP) [a
                  | shining eye]
   660 | D        | Reached ****** piety under Makhleb
   660 | D        | Reached skill level 5 in Armour
   662 | D        | Gained mutation: You occasionally shout uncontrollably at
                  | your foes. [a shining eye]
   671 | D        | Killed a shining eye
   671 | D        | Reached skill level 15 in Fighting
   671 | D        | Reached XP level 10. HP: 80/96 MP: 9/9
   672 | D        | Found a transporter.
   733 | D        | Entered arena 9.
   734 | D        | Identified the cursed +1 dagger of Foul Odors {holy, Dex+4}
   735 | D        | Found a transporter.
   769 | D        | Entered arena 10.
   769 | D        | Noticed a rime drake
   771 | D        | Found a transporter.
   780 | D        | Killed a rime drake
   815 | D        | Entered arena 11.
   815 | D        | Noticed a rime drake
   815 | D        | Noticed a rime drake
   815 | D        | Noticed a rime drake
   815 | D        | Noticed a rime drake
   816 | D        | Found a transporter.
   829 | D        | Killed a rime drake
   829 | D        | Killed a rime drake
   829 | D        | Reached XP level 11. HP: 54/104 MP: 9/9
   830 | D        | Reached skill level 10 in Shields
   987 | D        | Entered arena 12.
   987 | D        | Noticed a wolf spider
   987 | D        | Noticed an orb spider
   996 | D        | Killed a wolf spider
   996 | D        | Reached skill level 10 in Armour
  1002 | D        | Found a transporter.
  1006 | D        | Killed an orb spider
  1108 | D        | Entered arena 13.
  1109 | D        | Noticed a naga warrior
  1115 | D        | Noticed a naga warrior
  1117 | D        | Noticed a naga warrior
  1119 | D        | Killed a naga warrior
  1120 | D        | Killed a naga warrior
  1127 | D        | Reached XP level 12. HP: 18/114 MP: 10/10
  1130 | D        | Killed a naga warrior
  1134 | D        | Found a transporter.
  1320 | D        | Got the Guide on Cloudy Ice
  1409 | D        | Entered arena 14.
  1410 | D        | Noticed a vault guard
  1410 | D        | Noticed a stone giant
  1410 | D        | Noticed a vault guard
  1410 | D        | Noticed a vault guard
  1410 | D        | Noticed a vault guard
  1410 | D        | Noticed a vault guard
  1411 | D        | Identified the ring "Nuff" {rPois MR+ Int+2 Dex+2}
  1411 | D        | Noticed a vault guard
  1413 | D        | Identified the cursed +1 spear of Dima {antimagic, +Fly rN+
                  | MR+ Int+3}
  1413 | D        | Noticed a vault guard
  1416 | D        | Found a transporter.
  1422 | D        | Killed a vault guard
  1425 | D        | Killed a vault guard
  1428 | D        | Killed a stone giant
  1428 | D        | Killed a vault guard
  1428 | D        | Killed a vault guard
  1430 | D        | Killed a vault guard
  1433 | D        | Killed a vault guard
  1434 | D        | Killed a vault guard
  1434 | D        | Reached skill level 15 in Shields
  1434 | D        | Reached XP level 13. HP: 124/124 MP: 1/11
  1526 | D        | Entered arena 15.
  1527 | D        | Noticed a frost giant
  1527 | D        | Noticed a blizzard demon
  1527 | D        | Noticed a blizzard demon
  1527 | D        | Noticed a frost giant
  1528 | D        | Noticed an ice dragon
  1530 | D        | Found a transporter.
  1535 | D        | Killed a frost giant
  1543 | D        | Killed a blizzard demon
  1545 | D        | Killed an ice dragon
  1547 | D        | Killed a blizzard demon
  1551 | D        | Killed a frost giant
  1551 | D        | Reached skill level 15 in Armour
  1660 | D        | Entered arena 16.
  1665 | D        | Noticed a greater mummy
  1665 | D        | Noticed a mummy priest
  1665 | D        | Noticed a mummy priest
  1668 | D        | Noticed a greater mummy
  1670 | D        | Noticed a jiangshi
  1681 | D        | Noticed an emperor scorpion
  1681 | D        | Noticed an emperor scorpion
  1683 | D        | HP: 1/127 [emperor scorpion[a greater mummy] (12)]
  1685 | D        | Slain by an emperor scorpion

Levels and vault maps discovered:
D:        sprint_v [room_start, room_1, room_2, room_3, room_4, room_5, room_6,
          room_7, room_8, room_9, room_10, room_11, room_12, room_13, room_14,
          room_15, room_16, room_17, room_18, room_19, room_20, room_21,
          room_22, room_23, room_24, room_25, room_26, room_27]

Skill      XL: |  1  2  3  4  5  6  7  8  9 10 11 12 13 |
---------------+----------------------------------------+-----
Axes           | 7 8 9 10 11 12 14 15 16 17 18 19 | 19.2
Fighting       | 5 6 8 10 11 13 15 16 17 18 19 | 19.7
Shields        | 6 9 12 15 16 | 16.4
Armour         | 6 9 11 14 15 | 15.2

Action                   |  1- 3 |  4- 6 |  7- 9 | 10-12 | 13-15 || total
-------------------------+-------+-------+-------+-------+-------++-------
Melee: Broad axe         |     5 |    21 |    57 |    15 |       ||    98
       Eveningstar       |       |       |       |    49 |     1 ||    50
       Battleaxe         |       |       |       |    29 |    32 ||    61
  Use: Potion            |     1 |       |     8 |     4 |     3 ||    16
       Scroll            |       |       |       |     7 |     3 ||    10
 Stab: Confused          |       |       |       |     1 |       ||     1
  Eat: Chunk             |       |       |       |     1 |     2 ||     3
Armor: Storm dragon scal |     1 |    10 |    36 |   133 |    25 ||   205
Dodge: Dodged            |     2 |     5 |    25 |    72 |    14 ||   118
Block: Shield            |     5 |    19 |    35 |   168 |       ||   227
       Large shield      |       |       |       |       |    58 ||    58

Table legend:
 A = Non-vault XP
 B = Vault XP
 C = Vault XP percentage of total XP
 D = Non-vault monster count
 E = Vault monster count
 F = Vault count percentage of total count
                 A         B        C        D         E       F
            +---------+---------+-------+---------+---------+-------
      Total |       0 |   36385 | 100.0 |       0 |     105 | 100.0
            +---------+---------+-------+---------+---------+-------
          D |       0 |   36385 | 100.0 |       0 |     105 | 100.0
            +---------+---------+-------+---------+---------+-------
